 Dungeon Crawl Stone Soup version 0.21.1-1-g345015f (webtiles) character file.

202 inc the Cudgeler (level 5, 0/41 HPs)
             Began as a Demonspawn Monk on June 9, 2018.
             Slain by a hound (5 damage)
             ... on level 3 of the Dungeon.
             The game lasted 00:04:11 (2832 turns).

inc the Cudgeler (Demonspawn Monk)                  Turns: 2832, Time: 00:04:12

Health: 0/41       AC:  7    Str: 11    XL:     5   Next: 50%
Magic:  5/5        EV: 11    Int: 12    God:
Gold:   114        SH:  0    Dex: 16    Spells: 4/4 levels left

rFire    . . .     SeeInvis .   a - +0 mace
rCold    . . .     Gourm    .   (no shield)
rNeg     . . .     Faith    .   d - +0 ring mail
rPois    .         Spirit   .   (no helmet)
rElec    .         Reflect  .   (no cloak)
rCorr    .         Harm     .   (no gloves)
MR       .....                  (no boots)
Stlth    ++........             (no amulet)
HPRegen  0.13/turn              f - ring of stealth
MPRegen  0.09/turn              (no ring)

@: no status effects
A: slimy green scales 1, powered by pain 1
a: no special abilities


You were on level 3 of the Dungeon.
You were hungry.

You visited 1 branch of the dungeon, and saw 4 of its levels.

You collected 114 gold pieces.

Inventory:

Hand Weapons
 a - a +0 mace (weapon)
Armour
 b - a +0 robe
 d - a +0 ring mail (worn)
Jewellery
 f - a ring of stealth (left hand)
 o - an uncursed amulet of faith {unknown}
Scrolls
 g - a scroll of blinking {unknown}
 h - 2 scrolls of teleportation {unknown}
 j - 3 scrolls of identify {unknown}
 k - 2 scrolls of amnesia {unknown}
 n - a scroll of immolation {unknown}
Potions
 l - a potion of berserk rage {unknown}
 p - a potion of mutation {unknown}
Comestibles
 c - 3 rations


   Skills:
 - Level 3.0 Fighting
 + Level 5.7 Maces & Flails
 - Level 2.6 Dodging
 - Level 1.7 Stealth


You had 4 spell levels left.
You didn't know any spells.

Dungeon Overview and Level Annotations

Branches:
Dungeon (4/15)
 Temple: D:4-7

Altars:
Ru

Annotations:
D:3 inc's ghost, novice FoFi
D:4 Grinder


Innate Abilities, Weirdness & Mutations

You are partially covered in slimy green scales. (AC +2)
You sometimes gain a little power by taking damage.


Message History

There is a stone staircase leading down here.
The hound bites you.
* * * LOW HITPOINT WARNING * * *
You sock the hound!
The hound is heavily wounded.
The hound bites you but does no damage. The hound closely misses you.
You closely miss the hound.
The hound is heavily wounded.
The hound bites you but does no damage.
You closely miss the hound.
The hound is heavily wounded.
The hound bites you.
* * * LOW HITPOINT WARNING * * *
The hound bites you but does no damage.
You closely miss the hound.
The hound is heavily wounded.
The hound bites you.
* * * LOW HITPOINT WARNING * * *
The hound bites you.
You die...

#. .#
#.##..
#..#.
... #
#.##.#
#>...#
#r#.##
#h# #
#@#
#.#
#.#
#.#
#.#
#.#
#.#
#.#


You could see a hound and a rat.

Vanquished Creatures
  A crimson imp (D:2)
  4 gnolls
  4 adders
  2 oozes
  A worm (D:2)
  2 dart slugs
  2 leopard geckos
  4 orcs
  A giant cockroach (D:2)
  11 goblins
  5 hobgoblins
  7 jackals
  8 kobolds
  A quokka (D:2)
  A ball python (D:1)
  5 bats
  2 frilled lizards
  10 rats
71 creatures vanquished.

Notes
Turn   | Place    | Note
-------+----------+-------------------------------------------
     0 | D:1      | inc the Demonspawn Monk began the quest for the Orb.
     0 | D:1      | Reached XP level 1. HP: 18/18 MP: 1/1
   198 | D:1      | Reached skill level 3 in Maces & Flails
   201 | D:1      | Gained mutation: You are partially covered in slimy green scales. (AC +2) [demonic ancestry]
   201 | D:1      | Reached XP level 2. HP: 21/24 MP: 2/2
   655 | D:1      | Reached XP level 3. HP: 28/29 MP: 3/3
   813 | D:2      | Reached skill level 4 in Maces & Flails
  1512 | D:2      | Gained mutation: You sometimes gain a little power by taking damage. [demonic ancestry]
  1512 | D:2      | Reached XP level 4. HP: 26/35 MP: 4/4
  1705 | D:2      | Reached skill level 5 in Maces & Flails
  1754 | D:2      | Found a sacrificial altar of Ru.
  2038 | D:2      | Reached XP level 5. HP: 7/41 MP: 5/5
  2717 | D:3      | Noticed inc's ghost (novice FoFi)
  2739 | D:4      | Noticed Grinder
  2832 | D:3      | Slain by a hound

Skill      XL: |  1  2  3  4 |
---------------+-------------+-----
Maces & Flails | 3 4 5 |  5.7
Fighting       | |  3.0
Dodging        | |  2.6
Stealth        | |  1.7

Action                   |  1- 3 |  4- 6 || total
-------------------------+-------+-------++-------
Melee: Mace              |   247 |   165 ||   412
  Use: Potion            |       |     2 ||     2
 Stab: Sleeping          |     1 |     1 ||     2
  Eat: Chunk             |     2 |     4 ||     6
Armor: Ring mail         |   103 |    64 ||   167
Dodge: Dodged            |   135 |   126 ||   261
